 Dungeon Crawl Stone Soup version 0.17-a0-913-g36eb389 (webtiles) character file.

301 drasked the Cudgeler (level 6, -1/65 HPs)
             Began as an Ogre Hunter on May 3, 2015.
             Slain by an orc priest
             ... wielding a +0 club
              (3 damage)
             ... on level 4 of the Dungeon.
             The game lasted 00:10:59 (4662 turns).

drasked the Cudgeler (Ogre Hunter)                  Turns: 4662, Time: 00:10:59

Health: -1/65      AC:  5    Str: 20    XL:     6   Next: 37%
Magic:  6/6        EV: 10    Int: 10    God:
Gold:   148        SH:  0    Dex: 10    Spells: 0 memorised, 5 levels left

rFire  + . .     SeeInvis .     g - +0 club
rCold  + . .     Clarity  .     d - +0 robe
rNeg   . . .     SustAb   .     (no shield)
rPois  +         Gourm    .     (helmet restricted)
rElec  +         Spirit   .     r - +1 cloak
rCorr  +         Warding  .     (gloves unavailable)
rMut   .         Stasis   .     (boots unavailable)
MR     .....                    (no amulet)
Stlth  +.........               (no ring)
                                (no ring)

@: resistant, not resistant to hostile enchantments, very unstealthy
A: unfitting armour, tough skin 1
a: no special abilities


You were on level 4 of the Dungeon.
You were hungry.

You visited 1 branch of the dungeon, and saw 4 of its levels.

You collected 148 gold pieces.

Inventory:

Hand weapons
 g - a +0 club (weapon)
   (You found it on level 1 of the Dungeon)
Missiles
 c - 2 throwing nets {=f, !d}
Armour
 d - a +0 robe (worn)
 r - a +1 cloak (worn)
   (You found it on level 2 of the Dungeon)
Jewellery
 v - an uncursed ring of stealth {unknown}
   (You found it on level 2 of the Dungeon)
 w - an uncursed ring of magical power {unknown}
   (You found it on level 2 of the Dungeon)
 y - an uncursed amulet of resist mutation {unknown}
   (You found it on level 3 of the Dungeon)
Scrolls
 i - a scroll of remove curse {unknown}
 j - a scroll of random uselessness {unknown}
 k - 3 scrolls of identify {unknown}
 m - a scroll of blinking {unknown}
 n - a scroll of fear {unknown}
 o - 2 scrolls of magic mapping {unknown}
 u - 2 scrolls of noise {unknown}
 x - a scroll of fog {unknown}
 z - a scroll of amnesia {unknown}
Potions
 f - a potion of flight {unknown}
 q - a potion of might {unknown}
 s - a potion of poison {unknown}
 t - a potion of agility {unknown}
Comestibles
 e - 3 bread rations {@e1}
 h - a beef jerky
 l - a meat ration {@e2}


   Skills:
 + Level 4.9 Fighting
 * Level 5.6 Maces & Flails
 + Level 5.2 Throwing
 - Level 2.0 Dodging
 - Level 1.0 Stealth


You had 5 spell levels left.
You didn't know any spells.

Dungeon Overview and Level Annotations

Branches:
Dungeon (4/15)
 Temple: D:4-7

Altars:
Dithmenos


Innate Abilities, Weirdness & Mutations

You are too large for most types of armour.
You have tough skin (AC +1).


Message History

The large rock {!d} hits the orc priest!
You kill the orc priest!
b - 4 large rocks {!d} (gained 1)
You see here a war axe.
There is an open door here.
You close the door.
You start resting.
All of the chunks of flesh in your inventory have rotted away.
Health restored: 65 You open the door.
There is an open door here.
Found a stone staircase leading down.
u - 2 scrolls labeled MANLERGH ODAACK (gained 1)
An orc priest comes into view. It is wielding a club.
The orc priest shouts!
An orc comes into view. It is wielding a whip.
Aim: an orc priest, wielding a club and wearing a ring mail You throw a large rock {!d}.
The large rock {!d} barely misses the orc priest.
The orc priest mumbles some strange prayers to Beogh against you.
Something smites you!
You take 9 damage, and have 56/65 hp.
Aim: an orc priest, wielding a club and wearing a ring mail You throw a large rock {!d}.
The large rock {!d} completely misses the orc priest.
Aim: an orc priest, wielding a club and wearing a ring mail You throw a large rock {!d}.
The large rock {!d} hits the orc priest!
Aim: an orc priest, wielding a club and wearing a ring mail (heavily wounded)
You throw a large rock {!d}.
The large rock {!d} hits the orc priest but does no damage.
The orc priest hits you but does no damage.
You closely miss the orc priest.
The orc priest hits you but does no damage.
You hit the orc priest but do no damage.
The orc priest hits you but does no damage.
You completely miss the orc priest. The orc priest barely misses you.
You hit the orc priest but do no damage.
The orc priest becomes somewhat translucent.
You completely miss the orc priest.
The orc priest invokes the aid of Beogh against you.
Something smites you!
You take 11 damage, and have 46/65 hp.
You hit the orc priest but do no damage.
The orc priest hits you with a club.
You take 2 damage, and have 44/65 hp.
You hit the orc priest but do no damage.
The orc priest mumbles some strange prayers to Beogh.
You feel a wave of unholy energy pass over you.
You hit the orc priest but do no damage.
The orc priest hits you but does no damage.
You hit the orc priest but do no damage.
You hit the orc priest but do no damage.
The orc priest glows brightly for a moment.
You completely miss the orc priest. The orc priest hits you with a club.
You take 3 damage, and have 42/65 hp.
You hit the orc priest but do no damage.
The orc priest hits you but does no damage.
You hit the orc priest but do no damage.
The orc priest misses you.
You closely miss the orc priest. The orc priest hits you with a club.
You take 5 damage, and have 38/65 hp.
You hit the orc priest but do no damage.
The orc priest barely misses you.
You hit the orc priest but do no damage.
The orc priest invokes the aid of Beogh against you.
Pain shoots through your body!
You take 7 damage, and have 31/65 hp.
You hit the orc priest.
The orc priest mumbles some strange prayers to Beogh against you.
You struggle to resist.
You closely miss the orc priest. The orc priest closely misses you.
You are too injured to fight recklessly!
You are too injured to fight recklessly!
You are too injured to fight recklessly!
You barely miss the orc priest. The orc priest hits you with a club!
You take 7 damage, and have 25/65 hp.
You closely miss the orc priest.
The orc priest calls down the wrath of Beogh upon you.
Something smites you!
* * * LOW HITPOINT WARNING * * *
You take 12 damage, and have 13/65 hp.
You closely miss the orc priest. The orc priest barely misses you.
You barely miss the orc priest.
You hit the orc priest but do no damage.
The orc priest closely misses you.
Drink which item? (? for menu, Esc to quit)
It was a potion of cure mutation.
It has a very clean taste.
You are feeling hungry.
The orc priest hits you but does no damage.
You hit the orc priest but do no damage.
The orc priest calls down the wrath of Beogh upon you.
Something smites you!
* * * LOW HITPOINT WARNING * * *
You take 12 damage, and have 2/65 hp.
Drink which item? (? for menu, Esc to quit)
It was a potion of resistance.
You feel protected. The orc priest hits you with a club.
You die...

#........#......#..'.
#........+......#..#.
#........#......##'##
#........#...........
#........#......†....
#........+.....<.....
#........#...........
#.>.....(#...........
#...@o(..####+##.....
#...##...# #.....
#...##...# #.....
#...#....+ +.....
#.[.#....# #....
#...#...o# .
#...#.....
#...#...o.# #...#...


You could see an orc priest.

Vanquished Creatures
  A centaur (D:4)
  An orc priest (D:4)
  3 gnolls (D:3)
  7 adders
  An ooze (D:1)
  4 worms (D:2)
  4 giant geckos
  5 orcs
  4 giant cockroaches
  12 goblins
  10 hobgoblins
  4 jackals (D:2)
  9 kobolds
  A quokka (D:2)
  2 ball pythons
  7 bats
  2 giant newts (D:2)
  6 rats
83 creatures vanquished.

Notes
Turn   | Place    | Note
--------------------------------------------------------------
     0 | D:1      | drasked, the Ogre Hunter, began the quest for the Orb.
     0 | D:1      | Reached XP level 1. HP: 22/22 MP: 1/1
    56 | D:1      | Reached skill level 1 in Stealth
   309 | D:1      | Reached skill level 2 in Dodging
   371 | D:1      | Reached skill level 1 in Maces & Flails
   371 | D:1      | Reached XP level 2. HP: 21/29 MP: 2/2
   777 | D:1      | Reached skill level 3 in Fighting
   783 | D:1      | Reached skill level 2 in Maces & Flails
  1026 | D:1      | Reached XP level 3. HP: 33/37 MP: 3/3
  1605 | D:2      | Reached skill level 3 in Maces & Flails
  1654 | D:2      | Reached XP level 4. HP: 36/45 MP: 4/4
  1869 | D:2      | HP: 9/48 [worm (4)]
  1872 | D:2      | HP: 4/48 [worm (6)]
  2335 | D:2      | Reached skill level 4 in Maces & Flails
  2506 | D:2      | Found a shadowy altar of Dithmenos.
  2827 | D:3      | Reached skill level 4 in Fighting
  2827 | D:3      | Reached XP level 5. HP: 45/54 MP: 5/5
  3378 | D:3      | Found a shadowy altar of Dithmenos.
  3488 | D:3      | HP: 13/55 [poisoned by an adder]
  3990 | D:3      | Reached skill level 5 in Throwing
  4278 | D:4      | Noticed a centaur
  4288 | D:4      | Killed a centaur
  4288 | D:4      | Reached skill level 5 in Maces & Flails
  4288 | D:4      | Reached XP level 6. HP: 33/63 MP: 6/6
  4656 | D:4      | HP: 13/65 [orc priest/divine providence (12)]
  4661 | D:4      | HP: 2/65 [orc priest/divine providence (12)]
  4662 | D:4      | Slain by an orc priest

Action                   |  1- 3 |  4- 6 || total
-------------------------+-------+-------++-------
Melee: Short sword       |    15 |       ||    15
       Club              |   100 |   316 ||   416
Throw: Large rock        |    13 |    28 ||    41
  Use: Potion            |       |     2 ||     2
 Stab: Sleeping          |     1 |     1 ||     2
  Eat: Chunk             |     2 |     8 ||    10
       Royal jelly       |       |     1 ||     1

Vault maps used:
D:1:      lemuel_arrival_funnel, serial_aquarium, aquarium_bridge_square,
          aquarium_bridge_straight, aquarium_window_1, aquarium_window_fake,
          aquarium_window_fake, aquarium_window_1, aquarium_view_2b,
          aquarium_balcony_double_1
D:2:      nicolae_dithmenos_through_a_glass_darkly
D:3:      lemuel_crystal_altar, first_bread
D:4:      uniq_edmund, uniq_menkaure

Table legend:
 A = Turns spent in this place as a percentage of turns spent in the entire game.
 B = Non-inter-level travel turns spent in this place as a percentage of non-inter-level travel turns spent in the entire game.
 C = Inter-level travel turns spent in this place as a percentage of turns spent in this place.
 D = Turns resting spent in this place as a percentage of non-inter-level travel turns spent in this place.
 E = Turns spent auto-exploring this place as a percentage of non-inter-level travel turns spent in this place.
 F = Non-inter-level travel turns spent in this place divided by the number of levels of this place that you've seen.
                   A       B       C       D       E      F
               +-------+-------+-------+-------+-------+----------------------
         Total | 100.0 | 100.0 |   0.6 |   3.3 |   9.3 | 346.0
       Dungeon | 100.0 | 100.0 |   0.6 |   3.3 |   9.3 | 346.0
               +-------+-------+-------+-------+-------+----------------------

Table legend:
 A = Kills in this place as a percentage of kills in entire the game.
 B = Kills by you in this place as a percentage of kills by you in the entire game.
 C = Kills by friends in this place as a percentage of kills by friends in the entire game.
 D = Other kills in this place as a percentage of other kills in the entire game.
 E = Experience gained in this place as a percentage of experience gained in the entire game.
 F = Experience gained in this place divided by the number of levels of this place that you have seen.
                   A       B       C       D       E      F
               +-------+-------+-------+-------+-------+----------------------
         Total | 100.0 | 100.0 |  -nan |  -nan | 100.0 | 107.5
       Dungeon | 100.0 | 100.0 |  -nan |  -nan | 100.0 | 107.5
               +-------+-------+-------+-------+-------+----------------------
